| TOP OF THE 1ST |
|
Brockton Rox batting - Pitching for Columbus Reds : RHP Hugo Pirir
|
|
Pitching: RHP Hugo Pirir
|
|
|
Batting: RHB Felix Rangel
|
0-0: Ball 1-0: Called Strike 1-1: Ground out 6-3 (Groundball, P, EV 80.0 MPH)
|
|
Batting: LHB Kien-lung Zou
|
0-0: Foul Ball, location: 2F 0-1: Ball 1-1: Foul Ball, location: 2F 1-2: Ball 2-2: Strikes out swinging
|
|
Batting: LHB Robert Gonzalez
|
0-0: Ball 1-0: Fly out, F8 (Line Drive, 8LD, EV 93.1 MPH)
|
| Top of the 1st over - 0 runs, 0 hits, 0 errors, 0 left on base; Brockton 0 - Columbus 0 |
| BOTTOM OF THE 1ST |
|
Columbus Reds batting - Pitching for Brockton Rox : RHP Matt Collins
|
|
Pitching: RHP Matt Collins
|
|
|
Batting: RHB Alex de Leon
|
0-0: Called Strike 0-1: Ball 1-1: Ball 2-1: Foul Ball, location: 2F 2-2: SINGLE (Line Drive, 3D, EV 94.4 MPH)
|
|
Batting: RHB Ben Burkholder
|
0-0: Foul Ball, location: 2F 0-1: Ball 1-1: SINGLE (Groundball, 4MD, EV 100.0 MPH) Alex de Leon to second Runner from 2nd tries for 3rd, OUT! 8-5 Ben Burkholder to second
|
|
Batting: LHB Matthew Berry
|
0-0: Ball Ben Burkholder steals 3rd base 1-0: Ball Wild Pitch! Ben Burkholder scores 2-0: Called Strike 2-1: SINGLE (Line Drive, 9LS, EV 110.0 MPH)
|
|
Batting: RHB Aaron Barraza
|
0-0: Called Strike 0-1: Ball 1-1: Ball 2-1: Ball 3-1: Foul Ball, location: 2F 3-2: Base on Balls Matthew Berry to second
|
|
Batting: SHB Cesar Pelayo
|
0-0: Ball 1-0: Ball 2-0: Ball 3-0: Base on Balls Matthew Berry to third Aaron Barraza to second
|
|
Batting: RHB Ed Santibanez
|
0-0: Fly out, F9 (Flyball, 9S, EV 80.0 MPH)
|
|
Batting: RHB Ernie Maldonado
|
0-0: Called Strike 0-1: Called Strike 0-2: Ball 1-2: Fly out, F8 (Flyball, 8LD, EV 93.8 MPH)
|
| Bottom of the 1st over - 1 run, 3 hits, 0 errors, 3 left on base; Brockton 0 - Columbus 1 |
| TOP OF THE 2ND |
|
Brockton Rox batting - Pitching for Columbus Reds : RHP Hugo Pirir
|
|
Batting: RHB Willie Camacho
|
0-0: Swinging Strike 0-1: Ball 1-1: Swinging Strike 1-2: Ball 2-2: Strikes out swinging
|
|
Batting: RHB Panam Palmer
|
0-0: Ball 1-0: SINGLE (Line Drive, 78S, EV 109.4 MPH)
|
|
Batting: SHB Arihito Hiramoto
|
0-0: Foul Ball, location: 2F 0-1: Fly out, F8 (Flyball, 89D, EV 80.6 MPH)
|
|
Batting: LHB Kenny Jackson
|
0-0: Ball 1-0: Ball 2-0: Foul Ball, location: 2F 2-1: DOUBLE (Flyball, 8LD, EV 95.6 MPH) Panam Palmer to third
|
|
Batting: RHB Estevan Carrillo
|
0-0: Ball 1-0: Ball 2-0: Ground out 4-3 (Groundball, 34, EV 103.8 MPH)
|
| Top of the 2nd over - 0 runs, 2 hits, 0 errors, 2 left on base; Brockton 0 - Columbus 1 |
| BOTTOM OF THE 2ND |
|
Columbus Reds batting - Pitching for Brockton Rox : RHP Matt Collins
|
|
Batting: LHB Jose Cruz
|
0-0: Ball 1-0: Ground out 4-3 (Groundball, 4, EV 85.6 MPH)
|
|
Batting: LHB Mike Becerra
|
0-0: Called Strike 0-1: Ball 1-1: Foul Ball, location: 2F 1-2: Ball 2-2: Ground out 6-3 (Groundball, 56, EV 108.1 MPH)
|
|
Batting: RHB Alex de Leon
|
0-0: Called Strike 0-1: Swinging Strike 0-2: Ball 1-2: SINGLE (Groundball, 6D, EV 104.4 MPH)
|
|
Batting: RHB Ben Burkholder
|
0-0: Fielders Choice at 2nd, 6-4 (Groundball, 6, EV 107.5 MPH)
|
| Bottom of the 2nd over - 0 runs, 1 hit, 0 errors, 1 left on base; Brockton 0 - Columbus 1 |
| TOP OF THE 3RD |
|
Brockton Rox batting - Pitching for Columbus Reds : RHP Hugo Pirir
|
|
Batting: LHB Isaiah Spitzbarth
|
0-0: Ball 1-0: SINGLE (Groundball, 3, EV 98.8 MPH)
|
|
Batting: RHB Felix Rangel
|
0-0: Foul Ball, location: 2F 0-1: Ball 1-1: Ball 2-1: Ball 3-1: Called Strike 3-2: Foul Ball, location: 2F 3-2: Strikes out looking
|
|
Batting: LHB Kien-lung Zou
|
0-0: Foul Ball, location: 2F 0-1: Called Strike 0-2: Fly out, F9 (Flyball, 89M, EV 81.2 MPH)
|
|
Batting: LHB Robert Gonzalez
|
0-0: Swinging Strike 0-1: Foul Ball, location: 2F 0-2: Ball 1-2: Foul Ball, location: 2F 1-2: Strikes out swinging
|
| Top of the 3rd over - 0 runs, 1 hit, 0 errors, 1 left on base; Brockton 0 - Columbus 1 |
| BOTTOM OF THE 3RD |
|
Columbus Reds batting - Pitching for Brockton Rox : RHP Matt Collins
|
|
Batting: LHB Matthew Berry
|
0-0: Ground out 5-3 (Groundball, 5L, EV 104.4 MPH)
|
|
Batting: RHB Aaron Barraza
|
0-0: Called Strike 0-1: Ball 1-1: Swinging Strike 1-2: Strikes out swinging
|
|
Batting: SHB Cesar Pelayo
|
0-0: Ball 1-0: Ball 2-0: Ball 3-0: Called Strike 3-1: Foul Ball, location: 2F 3-2: Base on Balls
|
|
Batting: RHB Ed Santibanez
|
0-0: Called Strike 0-1: Single, Error in OF, E8, batter to second base (Line Drive, 6M, EV 95.0 MPH) Cesar Pelayo to third
|
|
Pitching: RHP Mike Goodwin
|
|
|
Batting: RHB Ernie Maldonado
|
0-0: Ball 1-0: DOUBLE (Flyball, 8LD, EV 93.1 MPH) Cesar Pelayo scores Ed Santibanez scores
|
|
Batting: LHB Jose Cruz
|
0-0: Called Strike 0-1: Ball 1-1: Called Strike 1-2: Strikes out swinging
|
| Bottom of the 3rd over - 2 runs, 2 hits, 1 error, 1 left on base; Brockton 0 - Columbus 3 |
| TOP OF THE 4TH |
|
Brockton Rox batting - Pitching for Columbus Reds : RHP Hugo Pirir
|
|
Batting: RHB Willie Camacho
|
0-0: Swinging Strike 0-1: Ball 1-1: Called Strike 1-2: Ball 2-2: Strikes out swinging
|
|
Batting: RHB Panam Palmer
|
0-0: Called Strike 0-1: Ball 1-1: Foul Ball, location: 2F 1-2: Ball 2-2: Strikes out swinging
|
|
Batting: SHB Arihito Hiramoto
|
0-0: Ball 1-0: Ball 2-0: Ball 3-0: Called Strike 3-1: Base on Balls
|
|
Batting: LHB Kenny Jackson
|
0-0: Ball 1-0: Fly out, F8 (Flyball, 89M, EV 76.9 MPH)
|
| Top of the 4th over - 0 runs, 0 hits, 0 errors, 1 left on base; Brockton 0 - Columbus 3 |
| BOTTOM OF THE 4TH |
|
Columbus Reds batting - Pitching for Brockton Rox : RHP Mike Goodwin
|
|
Batting: LHB Mike Becerra
|
0-0: Called Strike 0-1: Called Strike 0-2: Ball 1-2: Ball 2-2: Ball 3-2: Strikes out swinging
|
|
Batting: RHB Alex de Leon
|
0-0: Called Strike 0-1: SINGLE (Groundball, 56D, EV 95.6 MPH)
|
|
Batting: RHB Ben Burkholder
|
0-0: Ball Alex de Leon steals 2nd base 1-0: Called Strike 1-1: Foul Ball, location: 2F 1-2: Ground out 4-3 (Groundball, 4, EV 86.2 MPH) Alex de Leon to third
|
|
Batting: LHB Matthew Berry
|
0-0: Called Strike 0-1: Ball 1-1: Foul Ball, location: 2F 1-2: SINGLE (Groundball, 4MD, EV 94.4 MPH) Alex de Leon scores
|
|
Batting: RHB Aaron Barraza
|
0-0: Ball 1-0: Foul Ball, location: 2F 1-1: Ball 2-1: SINGLE (Groundball, 15S, EV 68.8 MPH) (infield hit) Matthew Berry to second
|
|
Batting: SHB Cesar Pelayo
|
0-0: Ball 1-0: Foul Ball, location: 2F 1-1: Ball 2-1: Swinging Strike 2-2: Ball 3-2: Foul Ball, location: 2F 3-2: Foul Ball, location: 2F 3-2: Strikes out swinging
|
| Bottom of the 4th over - 1 run, 3 hits, 0 errors, 2 left on base; Brockton 0 - Columbus 4 |
| TOP OF THE 5TH |
|
Brockton Rox batting - Pitching for Columbus Reds : RHP Hugo Pirir
|
|
Batting: RHB Estevan Carrillo
|
0-0: Ball 1-0: Ball 2-0: Called Strike 2-1: Foul Ball, location: 2F 2-2: Foul Ball, location: 2F 2-2: Fly out, F8 (Flyball, 8RD, EV 103.1 MPH)
|
|
Batting: LHB Isaiah Spitzbarth
|
0-0: Swinging Strike 0-1: Ball 1-1: Ball 2-1: Ground out U3 (Groundball, 34S, EV 78.1 MPH)
|
|
Batting: RHB Felix Rangel
|
0-0: Ball 1-0: Ball 2-0: Foul Ball, location: 2F 2-1: Called Strike 2-2: Foul Ball, location: 2F 2-2: Strikes out swinging
|
| Top of the 5th over - 0 runs, 0 hits, 0 errors, 0 left on base; Brockton 0 - Columbus 4 |
| BOTTOM OF THE 5TH |
|
Columbus Reds batting - Pitching for Brockton Rox : RHP Mike Goodwin
|
|
Batting: RHB Ed Santibanez
|
0-0: Foul Ball, location: 2F 0-1: SINGLE (Groundball, 6MD, EV 110.6 MPH)
|
|
Batting: RHB Ernie Maldonado
|
0-0: Swinging Strike 0-1: Ball 1-1: Ball 2-1: Called Strike 2-2: Ball 3-2: Strikes out swinging Ed Santibanez is caught stealing 2nd base 2-4 Batter strikes out.
|
|
Batting: LHB Jose Cruz
|
0-0: Called Strike 0-1: Ball 1-1: Ball 2-1: Ball 3-1: Ground out 6-3 (Groundball, 6, EV 103.1 MPH)
|
| Bottom of the 5th over - 0 runs, 1 hit, 0 errors, 0 left on base; Brockton 0 - Columbus 4 |
| TOP OF THE 6TH |
|
Brockton Rox batting - Pitching for Columbus Reds : RHP Hugo Pirir
|
|
Batting: LHB Kien-lung Zou
|
0-0: Called Strike 0-1: Fly out, F8 (Line Drive, 8RM, EV 95.0 MPH)
|
|
Batting: LHB Robert Gonzalez
|
0-0: Foul Ball, location: 2F 0-1: Ball 1-1: SOLO HOME RUN (Line Drive, 89XD, EV 113.8 MPH), Distance : 446 ft
|
|
Batting: RHB Willie Camacho
|
0-0: Called Strike 0-1: Ball 1-1: Foul Ball, location: 2F 1-2: Foul Ball, location: 2F 1-2: Foul Ball, location: 2F 1-2: Ball 2-2: Fly out, F9 (Flyball, 9D, EV 78.8 MPH)
|
|
Batting: RHB Panam Palmer
|
0-0: Ball 1-0: Ball 2-0: Called Strike 2-1: Called Strike 2-2: Strikes out looking
|
| Top of the 6th over - 1 run, 1 hit, 0 errors, 0 left on base; Brockton 1 - Columbus 4 |
| BOTTOM OF THE 6TH |
|
Columbus Reds batting - Pitching for Brockton Rox : RHP Mike Goodwin
|
|
Pitching: RHP Armando Berrios
|
|
|
Batting: LHB Mike Becerra
|
0-0: Ball 1-0: Ball 2-0: Ball 3-0: Called Strike 3-1: Base on Balls
|
|
Batting: RHB Alex de Leon
|
0-0: SINGLE (Groundball, 34S, EV 68.8 MPH) (infield hit) Mike Becerra to second
|
|
Batting: RHB Ben Burkholder
|
0-0: Called Strike 0-1: SINGLE (Groundball, 56D, EV 109.4 MPH) Mike Becerra to third Alex de Leon to second
|
|
Batting: LHB Matthew Berry
|
0-0: Called Strike 0-1: Foul Ball, location: 2F 0-2: Ball 1-2: Ball 2-2: Ball 3-2: Fly out, F8 (Flyball, 8RXD, EV 96.2 MPH) Runner from 3rd tags up, SCORES, no throw by CF Alex de Leon to third
|
|
Batting: RHB Aaron Barraza
|
0-0: 3-RUN HOME RUN (Flyball, 9D, EV 108.1 MPH), Distance : 402 ft
|
|
Pitching: RHP Austin O'Connor
|
|
|
Batting: SHB Cesar Pelayo
|
0-0: Ball 1-0: Ball 2-0: Foul Ball, location: 2F 2-1: Fly out, F7 (Flyball, 7LS, EV 83.8 MPH)
|
|
Batting: RHB Ed Santibanez
|
0-0: Ball 1-0: Ball 2-0: Ball 3-0: Called Strike 3-1: Swinging Strike 3-2: Fly out, F7 (Line Drive, 7, EV 96.2 MPH)
|
| Bottom of the 6th over - 4 runs, 3 hits, 0 errors, 0 left on base; Brockton 1 - Columbus 8 |
| TOP OF THE 7TH |
|
Brockton Rox batting - Pitching for Columbus Reds : RHP Hugo Pirir
|
|
Batting: SHB Arihito Hiramoto
|
0-0: Ball 1-0: Ball 2-0: Ground out 5-3 (Groundball, 56, EV 91.2 MPH)
|
|
Batting: LHB Kenny Jackson
|
0-0: Called Strike 0-1: Ground out 5-3 (Groundball, 56, EV 82.5 MPH)
|
|
Batting: RHB Estevan Carrillo
|
0-0: Called Strike 0-1: Ball 1-1: SOLO HOME RUN (Flyball, 9LD, EV 95.0 MPH), Distance : 347 ft
|
|
Batting: LHB Isaiah Spitzbarth
|
0-0: Ball 1-0: Fly out, F9 (Line Drive, 9S, EV 93.1 MPH)
|
| Top of the 7th over - 1 run, 1 hit, 0 errors, 0 left on base; Brockton 2 - Columbus 8 |
| BOTTOM OF THE 7TH |
|
Columbus Reds batting - Pitching for Brockton Rox : RHP Austin O'Connor
|
|
Batting: RHB Ernie Maldonado
|
0-0: Ground out 6-3 (Groundball, 6, EV 78.8 MPH)
|
|
Batting: LHB Jose Cruz
|
0-0: Ball 1-0: Called Strike 1-1: Foul Ball, location: 2F 1-2: Strikes out swinging
|
|
Batting: LHB Mike Becerra
|
0-0: Ground out 3-1 (Groundball, 34S, EV 79.4 MPH)
|
| Bottom of the 7th over - 0 runs, 0 hits, 0 errors, 0 left on base; Brockton 2 - Columbus 8 |
| TOP OF THE 8TH |
|
Brockton Rox batting - Pitching for Columbus Reds : RHP Hugo Pirir
|
|
Batting: RHB Felix Rangel
|
0-0: Called Strike 0-1: SOLO HOME RUN (Flyball, 7D, EV 105.0 MPH), Distance : 398 ft
|
|
Pinch Hitting: RHB Roger Mitchell
|
0-0: Ball 1-0: Ball 2-0: Called Strike 2-1: Ground out 6-3 (Groundball, 6, EV 105.6 MPH)
|
|
Batting: LHB Robert Gonzalez
|
0-0: Called Strike 0-1: Ball 1-1: Called Strike 1-2: Ground out U3 (Groundball, 3, EV 105.0 MPH)
|
|
Batting: RHB Willie Camacho
|
0-0: Ball 1-0: Ground out U3 (Groundball, 3S, EV 83.8 MPH)
|
| Top of the 8th over - 1 run, 1 hit, 0 errors, 0 left on base; Brockton 3 - Columbus 8 |
| BOTTOM OF THE 8TH |
|
Columbus Reds batting - Pitching for Brockton Rox : RHP Austin O'Connor
|
|
Now at 3B: Roger Mitchell
|
|
|
Batting: RHB Alex de Leon
|
0-0: Called Strike 0-1: Swinging Strike 0-2: Ball 1-2: Ball 2-2: Foul Ball, location: 2F 2-2: Ball 3-2: Strikes out looking
|
|
Batting: RHB Ben Burkholder
|
0-0: Ball 1-0: Ball 2-0: Foul Ball, location: 2F 2-1: Swinging Strike 2-2: Strikes out looking
|
|
Batting: LHB Matthew Berry
|
0-0: Ball 1-0: Called Strike 1-1: Ball 2-1: Called Strike 2-2: Ball 3-2: Foul Ball, location: 2F 3-2: Base on Balls
|
|
Batting: RHB Aaron Barraza
|
Pickoff Throw to First - Error! E1 Matthew Berry to second 0-0: Ball 1-0: Ball 2-0: Ground out 4-3 (Groundball, 4, EV 100.6 MPH)
|
| Bottom of the 8th over - 0 runs, 0 hits, 1 error, 1 left on base; Brockton 3 - Columbus 8 |
| TOP OF THE 9TH |
|
Brockton Rox batting - Pitching for Columbus Reds : RHP Hugo Pirir
|
|
Pinch Hitting: SHB Robert Soto
|
0-0: Called Strike 0-1: Called Strike 0-2: Ball 1-2: Ball 2-2: Ball 3-2: Foul Ball, location: 2F 3-2: Base on Balls
|
|
Batting: SHB Arihito Hiramoto
|
0-0: Foul Ball, location: 2F 0-1: Ball 1-1: Swinging Strike 1-2: Fielders Choice at 2nd, 4-6 (Groundball, 4, EV 83.1 MPH)
|
|
Pinch Hitting: RHB Kirk Cully
|
0-0: Swinging Strike 0-1: Ball 1-1: SINGLE (Groundball, 34, EV 104.4 MPH) (infield hit) Arihito Hiramoto to second
|
|
Batting: RHB Estevan Carrillo
|
0-0: Ball 1-0: Reached on error, E5 (Groundball, 56S, EV 73.8 MPH) Arihito Hiramoto scores Kirk Cully to third
|
|
Batting: RHB Mo Tsang
|
0-0: Ball 1-0: Ball 2-0: Ball 3-0: Base on Balls
|
|
Batting: RHB Felix Rangel
|
0-0: Ball 1-0: Ball 2-0: Foul Ball, location: 2F 2-1: Called Strike 2-2: Ball 3-2: Fielders Choice at 2nd, 5-4 (Groundball, 56, EV 80.6 MPH) Kirk Cully scores Estevan Carrillo to third
|
|
Batting: RHB Roger Mitchell
|
0-0: Swinging Strike 0-1: Called Strike 0-2: Foul Ball, location: 2F 0-2: Ball 1-2: Ball 2-2: Strikes out swinging
|
| Top of the 9th over - 2 runs, 1 hit, 1 error, 2 left on base; Brockton 5 - Columbus 8 |
|